 Dungeon Crawl Stone Soup version 0.31-a0-175-g9f7f995f2b (webtiles) character file.

Game seed: 15679897096647400018

189 qw the Shooter (level 5, -2/33 HPs)
             Began as a Gargoyle Hunter on June 16, 2023.
             Slain by an orc
             ... wielding a +0 mace
              (5 damage)
             ... on level 3 of the Dungeon.
             The game lasted 00:00:40 (2177 turns).

qw the Shooter (Gargoyle Hunter)                    Turns: 2177, Time: 00:00:41

Health: -2/33      AC: 10    Str: 15    XL:     5   Next: 68%
Magic:  5/5        EV: 11    Int:  9    God:
Gold:   127        SH:  0    Dex: 15    Spells: 4/4 levels left

rFire   . . .        Y - +0 triple crossbow (drain)
rCold   . . .        (shield currently unavailable)
rNeg    + . .        d - +0 ring mail
rPois   inf          (no helmet)
rElec   +            i - +0 cloak
rCorr   .            (no gloves)
SInv    .            (no boots)
Will    .....        (no amulet)
Stlth   +            (no ring)
HPRegen 0.25/turn    (no ring)
MPRegen 0.09/turn

%: no passive effects
@: no status effects
A: sickness immunity, AC +4, negative energy resistance 1, electricity
resistance, torment resistance 1, petrification resistance
a: no special abilities


You were on level 3 of the Dungeon.
You visited 1 branch of the dungeon, and saw 3 of its levels.

You collected 127 gold pieces.


Innate Abilities, Weirdness & Mutations

You are immune to sickness and miasma.
Your stone body is resilient. (AC +4)
You are immune to poison.
You resist negative energy. (rN+)
You are resistant to electric shocks. (rElec)
You are resistant to unholy torment.
You are immune to petrification.


   Skills:
 + Level 3.7 Fighting
 - Level 6.0 Ranged Weapons
 - Level 1.0 Armour
 - Level 1.5 Dodging
 - Level 1.1 Stealth


You had 4 spell levels left.
You didn't know any spells.
Your spell library was empty.

Inventory:

Hand Weapons
 g - a +0 sling
 Y - a +0 triple crossbow of draining (weapon)
Armour
 d - a +0 ring mail (worn)
 i - a +0 cloak (worn)
Scrolls
 c - 3 scrolls of teleportation {unknown}
Potions
 a - a potion of might {unknown}
 b - a potion of magic {unknown}
 e - 2 potions of attraction {unknown}
 f - a potion of ambrosia {unknown}
 h - a potion of curing {unknown}
 j - a potion of berserk rage {unknown}

Dungeon Overview and Level Annotations

Branches:
Dungeon (3/15)

Altars:

Shops:
D:1 *

Annotations:
D:3 3 runed translucent doors, qw's ghost, amateur GrFi


Message History

The jackal closely misses you. The orc hits you but does no damage.
The ball python bites you but does no damage.
The ball python grabs you. The ball python constricts you.
You shoot a bolt. The bolt barely misses the ball python.
The jackal barely misses you. The ball python barely misses you.
The ball python constricts you. The jackal barely misses you.
The orc hits you with a +0 mace.
The ball python bites you but does no damage.
The ball python constricts you. The jackal barely misses you.
The orc barely misses you.
The ball python bites you but does no damage.
The ball python constricts you.
You shoot a bolt.
The bolt closely misses the ball python.
The jackal barely misses you. The orc hits you with a +0 mace.
The jackal closely misses you. The ball python barely misses you.
The ball python constricts you. The orc completely misses you.
The jackal barely misses you. The ball python bites you.
The ball python constricts you.
You shoot a bolt. The bolt hits the ball python!
You kill the ball python!
The jackal bites you but does no damage.
The orc hits you with a +0 mace. The jackal completely misses you.
The orc closely misses you.
The jackal bites you but does no damage.
The orc misses you.
You shoot a bolt. The bolt closely misses the orc.
The jackal completely misses you. The jackal closely misses you.
The orc hits you but does no damage.
The jackal bites you but does no damage.
The orc barely misses you.
You shoot a bolt. The bolt closely misses the orc.
The jackal bites you but does no damage.
The jackal bites you. The orc hits you but does no damage.
The jackal closely misses you. The orc hits you but does no damage.
You shoot a bolt. The bolt hits the orc.
The orc is lightly wounded.
The jackal bites you but does no damage.
The jackal barely misses you. The orc hits you with a +0 mace.
You die...

... #... .... .
#### ##... ..
#[.. ...# ...
#=wS ...#.# ....
#rS.#)....#
.....####)#
.......h@#.#
...>###.o##.# .
#/...#.# #+#
#.#..##.# #.#
#.##...#$#
#.#####.###..###
##..............
##...############
#.....#


You could see an orc and a jackal.

Vanquished Creatures
  A phantom (D:2)
  2 adders (D:3)
  3 dart slugs
  6 orcs (D:3)
  2 bats
  6 endoplasms
  2 giant cockroaches (D:3)
  7 goblins
  3 hobgoblins
  10 jackals (D:1)
  2 quokkas
  11 ball pythons
  4 frilled lizards
  5 kobolds
  9 rats
73 creatures vanquished.

Notes
Turn   | Place    | Note
-------+----------+-------------------------------------------
     0 | D:1      | qw the Gargoyle Hunter began the quest for the Orb.
     0 | D:1      | Reached XP level 1. HP: 12/12 MP: 1/1
     0 | D:1      | 0 ||| qw: Version: 0.2-a-29-g511e9b1
     0 | D:1      | 0 ||| qw: Game counter: 5703
     0 | D:1      | 0 ||| qw: Always use a shield: true
     0 | D:1      | 0 ||| qw: God list: Okawaru
     0 | D:1      | 0 ||| qw: Allow faded altars: false
     0 | D:1      | 0 ||| qw: Do Orc after D:15 true
     0 | D:1      | 0 ||| qw: Do second Lair branch before Depths: true
     0 | D:1      | 0 ||| qw: Lair rune preference: random
     0 | D:1      | 0 ||| qw: Plans: Normal, Zot:1-4, Slime:5, God:TSO, Crypt,
                  | Tomb, Abyss, Pan, Hells, Win
     0 | D:1      | 0 ||| PLANNING D:1-11
   115 | D:1      | Reached XP level 2. HP: 17/17 MP: 2/2
   395 | D:1      | Found Diti's General Store.
   418 | D:1      | Reached XP level 3. HP: 7/21 MP: 3/3
   421 | D:1      | Reached skill level 5 in Ranged Weapons
   809 | D:1      | Reached skill level 3 in Fighting
   924 | D:1      | 924 ||| UPGRADING to +0 ring mail.
   934 | D:1      | 934 ||| DROPPING +0 leather armour.
   935 | D:1      | 935 ||| UPGRADING to +0 cloak.
   940 | D:1      | 940 ||| READING scroll labelled EXKOSOEPEPT.
   941 | D:1      | 941 ||| READING 3 scrolls labelled ZYMMUM ZUMAY.
   942 | D:1      | 942 ||| DROPPING scroll of butterflies.
   943 | D:1      | 943 ||| DROPPING 2 scrolls of amnesia.
  1247 | D:2      | Reached XP level 4. HP: 28/28 MP: 4/4
  1247 | D:2      | 1247 ||| UPGRADING to +0 triple crossbow.
  1248 | D:2      | 1248 ||| DROPPING +0 shortbow.
  1288 | D:2      | Reached skill level 1 in Armour
  1537 | D:2      | 1537 ||| READING scroll labelled SUGOMORCHOTE.
  1538 | D:2      | 1538 ||| READING scroll labelled ISTRAO GUEMUIMP.
  1539 | D:2      | 1539 ||| READING scroll labelled MINUTYMYNA.
  1540 | D:2      | 1540 ||| READING scroll labelled JUQAETH GUGUME.
  1563 | D:3      | Noticed a phantom
  1566 | D:3      | 1566 ||| STAIRDANCE
  1573 | D:2      | Killed a phantom
  1574 | D:2      | Reached skill level 6 in Ranged Weapons
  1574 | D:2      | Reached XP level 5. HP: 23/32 MP: 5/5
  1935 | D:3      | Found a runed translucent gate.
  1936 | D:3      | Found a runed translucent gate.
  1936 | D:3      | Found a runed translucent gate.
  1938 | D:3      | Noticed qw's ghost (amateur GrFi)
  2155 | D:3      | 2155 ||| Stepping ~*~*~tactically~*~*~ (outnumbered).
  2174 | D:3      | HP: 5/33 [orc/+0 mace (5)]
  2177 | D:3      | Slain by an orc

Levels and vault maps discovered:
D:1:      amcnicky_arrival_choice, layout_loops_corners, serial_shops,
          shop_fountains
D:2:      layout_loops_ring
D:3:      layout_loops_corners, gammafunk_ghost_necromancy, minivault_27,
          serial_bayou_pond_d, minmay_vboxes

Skill      XL: |  1  2  3  4 |
---------------+-------------+-----
Ranged Weapons | 5 6 |  6.0
Fighting       | 3 |  3.7
Armour         | 1 |  1.0
Dodging        | |  1.5
Stealth        | |  1.1

Action                     |  1- 3 |  4- 6 || total
---------------------------+-------+-------++-------
   Fire: Shortbow          |   103 |       ||   103
         Triple crossbow   |       |    54 ||    54
    Use: Scroll            |     2 |     4 ||     6
 Armour: Leather armour    |    17 |       ||    17
         Ring mail         |     1 |    55 ||    56
  Dodge: Dodged            |    25 |    57 ||    82

Table legend:
 A = Non-vault XP
 B = Vault XP
 C = Vault XP percentage of total XP
 D = Non-vault monster count
 E = Vault monster count
 F = Vault count percentage of total count
                 A         B        C        D         E       F
            +---------+---------+-------+---------+---------+-------
      Total |     229 |      41 |  15.2 |      65 |       8 |  11.0
            +---------+---------+-------+---------+---------+-------
        D:1 |      70 |       0 |   0.0 |      39 |       0 |   0.0
        D:2 |     138 |       0 |   0.0 |      18 |       0 |   0.0
        D:3 |      21 |      41 |  66.1 |       8 |       8 |  50.0
            +---------+---------+-------+---------+---------+-------
